[ AOE2 MATCH · #487244683 ]
UnrankedMagyars vs Jurchens
[ REPLAY ANALYSIS · EXTRACTED FROM THE RECORDED GAME ]
Feudal
13:09
Castle
16:47
Imperial
39:44
| APM avg | 42.8 |
| APM peak | 63 |
| eAPM avg | 24.1 |
| Villagers / military | 175 / 97 |
Focus
⚔️ 41.5% · 🌾 58.5%
Cavalry Archer ×62 · Magyar Huszar ×26 · Scout Cavalry ×6 · Archer ×2 · Monk ×1
Feudal
11:34
Castle
29:20
Imperial
—
| APM avg | 36.3 |
| APM peak | 85 |
| eAPM avg | 17.4 |
| Villagers / military | 98 / 28 |
Focus
⚔️ 39.0% · 🌾 61.0%
Scout Cavalry ×26 · Spearman ×2
Feudal
11:42
Castle
26:18
Imperial
—
| APM avg | 43.8 |
| APM peak | 86 |
| eAPM avg | 22.3 |
| Villagers / military | 168 / 99 |
Focus
⚔️ 28.9% · 🌾 71.1%
Knight ×64 · Scout Cavalry ×17 · Archer ×14 · Battering Ram ×3 · Mangonel ×1
Feudal
14:05
Castle
26:01
Imperial
—
| APM avg | 32.6 |
| APM peak | 91 |
| eAPM avg | 14.7 |
| Villagers / military | 60 / 3 |
Focus
⚔️ 33.1% · 🌾 66.9%
Mangonel ×2 · Archer ×1 · Unknown (1959) ×1
Feudal
15:54
Castle
—
Imperial
—
| APM avg | 25.8 |
| APM peak | 59 |
| eAPM avg | 12.7 |
| Villagers / military | 56 / 0 |
Focus
⚔️ 31.1% · 🌾 68.9%
Feudal
11:33
Castle
23:38
Imperial
42:27
| APM avg | 45.8 |
| APM peak | 74 |
| eAPM avg | 24.2 |
| Villagers / military | 179 / 67 |
Focus
⚔️ 27.1% · 🌾 72.9%
Elephant Archer ×30 · Scout Cavalry ×23 · Scorpion ×7 · Trebuchet (Packed) ×3 · Mangonel ×2 · Battle Elephant ×1
Feudal
11:27
Castle
28:12
Imperial
—
| APM avg | 36.6 |
| APM peak | 86 |
| eAPM avg | 19.8 |
| Villagers / military | 137 / 79 |
Focus
⚔️ 49.9% · 🌾 50.1%
Scout Cavalry ×47 · Scorpion ×16 · Camel Scout ×16
Feudal
12:41
Castle
26:05
Imperial
41:55
| APM avg | 39.8 |
| APM peak | 90 |
| eAPM avg | 20.2 |
| Villagers / military | 124 / 74 |
Focus
⚔️ 34.5% · 🌾 65.5%
Conquistador ×35 · Archer ×15 · Militia ×8 · Cavalry Archer ×8 · Mangonel ×4 · Skirmisher ×2
Match map
Initial resources + every placement click. Lines = walls · curves = elevation contours. ◆ gold · ⬟ stone · ● berries · ✦ relic · ◌ wall gap
Your base· Open — 4t gap
[TSU] I-am-the-1AW's base· Open — 15t gap
GGman74團's base· Open — opponent sealed themselves in
Lucas Ducas's base· Open — unwalled flank
GGman's base· Open — unwalled flank
[TSU] CoolKidWalls's base· Open — 13t gap
[TSU] MrFluffyBunny's base· Open — 4t gap
GGman的狗's base· Open — unwalled flank
Smoothed initial terrain · ◌ = detected wall gap · hover for details
Inputs per minute
— GGman的小牙籤 - - [TSU] I-am-the-1AW
Build order — GGman的小牙籤
First 150 of 524 actions detected
| 0:04 | Build | Town Center |
| 2:01 | Build | House |
| 2:30 | Create | Villager (Male) |
| 2:30 | Create | Villager (Male) |
| 2:30 | Create | Villager (Male) |
| 2:31 | Create | Villager (Male) |
| 3:04 | Build | House |
| 3:22 | Build | House |
| 3:28 | Create | Villager (Male) |
| 3:28 | Create | Villager (Male) |
| 4:11 | Create | Villager (Male) |
| 4:12 | Create | Villager (Male) |
| 4:14 | Build | Lumber Camp |
| 4:31 | Create | Villager (Male) |
| 4:31 | Create | Villager (Male) |
| 5:08 | Create | Villager (Male) |
| 5:18 | Build | House |
| 5:28 | Build | House |
| 5:31 | Research | Loom |
| 5:50 | Create | Villager (Male) |
| 6:02 | Create | Villager (Male) |
| 6:19 | Build | House |
| 6:20 | Build | House |
| 6:21 | Build | House |
| 6:22 | Create | Villager (Male) |
| 6:23 | Create | Villager (Male) |
| 6:23 | Create | Villager (Male) |
| 6:46 | Create | Villager (Male) |
| 7:06 | Create | Villager (Male) |
| 7:06 | Create | Villager (Male) |
| 7:32 | Build | House |
| 7:40 | Create | Villager (Male) |
| 7:54 | Create | Villager (Male) |
| 8:08 | Build | House |
| 8:22 | Build | House |
| 8:36 | Build | House |
| 8:50 | Build | House |
| 8:54 | Create | Villager (Male) |
| 8:57 | Create | Villager (Male) |
| 9:03 | Build | House |
| 9:28 | Build | Mining Camp |
| 9:52 | Create | Villager (Male) |
| 10:25 | Create | Villager (Male) |
| 10:48 | Research | Feudal Age |
| 10:48 | Research | Feudal Age |
| 11:43 | Build | Barracks |
| 12:08 | Create | Villager (Male) |
| 12:09 | Create | Villager (Male) |
| 12:29 | Build | Palisade Wall |
| 12:30 | Build | Palisade Wall |
| 12:33 | Build | Palisade Wall |
| 12:35 | Build | Palisade Wall |
| 12:35 | Build | Palisade Wall |
| 13:09 | Age | Feudal Age |
| 13:12 | Build | Archery Range |
| 13:15 | Build | Blacksmith |
| 14:07 | Research | Castle Age |
| 14:18 | Build | Archery Range |
| 14:38 | Research | Double-Bit Axe |
| 14:38 | Research | Double-Bit Axe |
| 15:04 | Build | Palisade Wall |
| 15:25 | Build | Mill |
| 15:30 | Research | Fletching |
| 15:30 | Research | Fletching |
| 16:38 | Create | Villager (Male) |
| 16:38 | Create | Villager (Male) |
| 16:47 | Age | Castle Age |
| 16:49 | Build | Town Center |
| 16:51 | Build | Palisade Wall |
| 16:54 | Build | Palisade Wall |
| 16:56 | Create | Cavalry Archer |
| 16:56 | Create | Cavalry Archer |
| 17:31 | Create | Villager (Male) |
| 17:32 | Create | Villager (Male) |
| 17:32 | Create | Villager (Male) |
| 17:37 | Build | Farm |
| 17:46 | Create | Cavalry Archer |
| 17:46 | Create | Cavalry Archer |
| 17:59 | Build | Farm |
| 18:01 | Build | House |
| 18:02 | Build | House |
| 18:13 | Build | Farm |
| 18:16 | Build | Farm |
| 18:35 | Create | Cavalry Archer |
| 18:35 | Create | Cavalry Archer |
| 18:36 | Create | Villager (Male) |
| 18:54 | Create | Villager (Male) |
| 19:00 | Build | House |
| 19:03 | Create | Villager (Male) |
| 19:18 | Create | Villager (Male) |
| 19:21 | Build | Farm |
| 19:24 | Create | Cavalry Archer |
| 19:24 | Create | Cavalry Archer |
| 19:37 | Create | Villager (Male) |
| 19:39 | Build | House |
| 19:46 | Create | Cavalry Archer |
| 19:49 | Build | Farm |
| 20:00 | Build | Farm |
| 20:00 | Build | Farm |
| 20:12 | Create | Archer |
| 20:14 | Create | Villager (Male) |
| 20:15 | Create | Villager (Male) |
| 20:18 | Build | House |
| 20:22 | Create | Villager (Male) |
| 20:24 | Build | Farm |
| 20:34 | Create | Villager (Male) |
| 20:40 | Create | Villager (Male) |
| 20:41 | Create | Villager (Male) |
| 20:42 | Create | Villager (Male) |
| 20:51 | Build | Farm |
| 20:54 | Build | House |
| 21:03 | Create | Villager (Male) |
| 21:22 | Build | Farm |
| 21:24 | Create | Villager (Male) |
| 21:27 | Build | House |
| 21:33 | Create | Villager (Male) |
| 21:38 | Create | Villager (Male) |
| 21:40 | Create | Villager (Male) |
| 21:42 | Create | Cavalry Archer |
| 21:42 | Create | Cavalry Archer |
| 21:45 | Build | Farm |
| 21:52 | Create | Villager (Male) |
| 21:57 | Build | Farm |
| 21:58 | Build | Farm |
| 22:03 | Build | Palisade Wall |
| 22:03 | Build | House |
| 22:21 | Research | Bodkin Arrow |
| 22:21 | Research | Bodkin Arrow |
| 22:27 | Build | University |
| 22:38 | Create | Villager (Male) |
| 22:38 | Create | Villager (Male) |
| 22:42 | Create | Villager (Male) |
| 22:42 | Create | Villager (Male) |
| 22:49 | Build | House |
| 22:53 | Create | Villager (Male) |
| 23:14 | Research | Ballistics |
| 23:14 | Research | Ballistics |
| 23:15 | Create | Villager (Male) |
| 23:28 | Create | Villager (Male) |
| 23:29 | Build | House |
| 23:34 | Build | Farm |
| 23:38 | Create | Villager (Male) |
| 23:41 | Build | Farm |
| 23:49 | Create | Villager (Male) |
| 24:04 | Create | Villager (Male) |
| 24:06 | Build | House |
| 24:10 | Create | Cavalry Archer |
| 24:10 | Create | Cavalry Archer |
| 24:24 | Create | Villager (Male) |
| 24:26 | Create | Cavalry Archer |
Build order — [TSU] I-am-the-1AW
First 150 of 184 actions detected
| 0:38 | Build | Town Center |
| 1:11 | Build | Lumber Camp |
| 1:15 | Build | Palisade Wall |
| 2:26 | Build | House |
| 2:28 | Build | House |
| 2:38 | Create | Villager (Male) ×4 |
| 3:44 | Build | House |
| 3:58 | Build | House |
| 4:27 | Create | Villager (Male) |
| 5:02 | Create | Villager (Male) |
| 5:21 | Create | Villager (Male) |
| 5:43 | Build | Mill |
| 5:52 | Build | Mill |
| 6:00 | Create | Villager (Male) |
| 6:00 | Create | Villager (Male) |
| 6:47 | Create | Villager (Male) |
| 6:49 | Build | House |
| 7:18 | Create | Villager (Male) |
| 7:33 | Build | Palisade Wall |
| 7:35 | Build | Palisade Wall |
| 7:38 | Build | Palisade Wall |
| 7:41 | Create | Villager (Male) |
| 7:54 | Create | Villager (Male) |
| 8:16 | Create | Villager (Male) |
| 8:23 | Create | Villager (Male) |
| 8:48 | Create | Villager (Male) |
| 9:00 | Create | Villager (Male) |
| 9:10 | Research | Loom |
| 9:14 | Research | Feudal Age |
| 10:21 | Build | Barracks |
| 10:35 | Build | House |
| 10:53 | Build | House |
| 11:00 | Research | Loom |
| 11:07 | Build | House |
| 11:11 | Build | House |
| 11:34 | Age | Feudal Age |
| 11:35 | Build | Stable |
| 11:42 | Create | Villager (Male) |
| 12:01 | Build | Mill |
| 12:17 | Create | Villager (Male) |
| 12:19 | Create | Scout Cavalry |
| 12:19 | Create | Scout Cavalry |
| 12:45 | Create | Villager (Male) |
| 13:02 | Create | Scout Cavalry |
| 13:34 | Create | Scout Cavalry |
| 13:35 | Create | Spearman |
| 13:51 | Create | Scout Cavalry |
| 13:54 | Create | Villager (Male) |
| 14:04 | Build | Mill |
| 14:06 | Create | Villager (Male) |
| 14:38 | Create | Villager (Male) |
| 14:46 | Build | Palisade Wall |
| 14:49 | Build | Palisade Wall |
| 14:50 | Build | Palisade Wall |
| 15:16 | Create | Villager (Male) |
| 15:22 | Create | Scout Cavalry |
| 15:32 | Create | Villager (Male) |
| 15:36 | Create | Scout Cavalry |
| 15:45 | Build | Blacksmith |
| 15:46 | Create | Villager (Male) |
| 15:49 | Create | Villager (Male) |
| 16:38 | Create | Spearman |
| 16:44 | Create | Scout Cavalry |
| 16:44 | Create | Scout Cavalry |
| 17:11 | Create | Villager (Male) |
| 17:12 | Create | Scout Cavalry |
| 17:13 | Create | Villager (Male) |
| 17:19 | Build | House |
| 17:21 | Create | Villager (Male) |
| 17:30 | Create | Scout Cavalry |
| 17:30 | Create | Villager (Male) |
| 17:34 | Build | Mill |
| 17:36 | Create | Villager (Male) |
| 17:44 | Create | Scout Cavalry |
| 17:50 | Research | Scale Barding Armor |
| 17:51 | Research | Forging |
| 17:52 | Create | Villager (Male) |
| 18:09 | Create | Villager (Male) |
| 18:11 | Create | Villager (Male) |
| 18:12 | Create | Scout Cavalry |
| 18:12 | Create | Scout Cavalry |
| 18:23 | Create | Villager (Male) |
| 18:49 | Create | Villager (Male) |
| 18:50 | Create | Scout Cavalry |
| 18:57 | Build | Watch Tower |
| 18:59 | Build | Mining Camp |
| 19:07 | Create | Scout Cavalry |
| 19:08 | Create | Scout Cavalry |
| 19:26 | Create | Villager (Male) |
| 19:31 | Create | Villager (Male) |
| 20:03 | Create | Scout Cavalry |
| 20:25 | Create | Villager (Male) |
| 20:39 | Create | Scout Cavalry |
| 20:59 | Build | Watch Tower |
| 21:05 | Build | Farm |
| 21:16 | Create | Villager (Male) |
| 21:43 | Create | Villager (Male) |
| 21:50 | Build | Market |
| 21:54 | Create | Villager (Male) |
| 22:00 | Build | Watch Tower |
| 22:19 | Build | Watch Tower |
| 23:01 | Create | Villager (Male) |
| 23:05 | Build | Mining Camp |
| 23:27 | Create | Villager (Male) |
| 23:47 | Create | Scout Cavalry |
| 23:47 | Create | Scout Cavalry |
| 23:55 | Build | Mill |
| 24:17 | Research | Bloodlines |
| 24:33 | Create | Scout Cavalry |
| 24:34 | Create | Scout Cavalry |
| 24:35 | Create | Villager (Male) |
| 25:33 | Research | Town Watch |
| 25:36 | Build | Farm |
| 25:36 | Create | Villager (Male) |
| 25:45 | Build | House |
| 26:40 | Research | Castle Age |
| 26:55 | Create | Scout Cavalry |
| 26:55 | Create | Scout Cavalry |
| 28:00 | Create | Scout Cavalry |
| 29:20 | Age | Castle Age |
| 29:21 | Build | Town Center |
| 29:23 | Create | Villager (Male) |
| 29:38 | Create | Villager (Male) |
| 30:33 | Create | Villager (Male) |
| 30:33 | Create | Villager (Male) |
| 30:33 | Create | Villager (Male) |
| 30:34 | Create | Villager (Male) |
| 30:38 | Create | Villager (Male) |
| 30:38 | Create | Villager (Male) |
| 30:39 | Create | Villager (Male) |
| 30:39 | Create | Villager (Male) |
| 30:39 | Create | Villager (Male) |
| 30:39 | Create | Villager (Male) |
| 30:40 | Create | Villager (Male) |
| 30:40 | Create | Villager (Male) |
| 31:53 | Create | Villager (Male) |
| 31:55 | Build | Town Center |
| 32:05 | Create | Villager (Male) |
| 32:16 | Create | Villager (Male) |
| 32:27 | Create | Villager (Male) |
| 33:00 | Research | Fletching |
| 33:17 | Build | House |
| 33:18 | Build | House |
| 33:18 | Build | House |
| 33:19 | Build | House |
| 33:20 | Create | Villager (Male) |
| 33:31 | Build | Farm |
| 34:21 | Create | Villager (Male) |
| 35:04 | Create | Villager (Male) |
| 35:12 | Build | Monastery |
Build order — GGman74團
First 150 of 435 actions detected
| 0:53 | Build | Town Center |
| 2:50 | Build | House |
| 2:52 | Create | Villager (Male) |
| 2:53 | Create | Villager (Male) |
| 2:53 | Create | Villager (Male) |
| 2:54 | Create | Villager (Male) |
| 3:57 | Create | Villager (Male) |
| 4:21 | Create | Villager (Male) |
| 5:06 | Build | House |
| 5:08 | Build | House |
| 5:16 | Create | Villager (Male) |
| 5:18 | Create | Villager (Male) |
| 5:19 | Create | Villager (Male) |
| 6:30 | Create | Villager (Male) |
| 6:30 | Create | Villager (Male) |
| 6:38 | Create | Villager (Male) |
| 6:40 | Build | House |
| 6:47 | Create | Villager (Male) |
| 6:53 | Create | Villager (Male) |
| 7:02 | Build | Lumber Camp |
| 7:07 | Build | House |
| 7:48 | Create | Villager (Male) |
| 7:55 | Create | Villager (Male) |
| 8:25 | Create | Villager (Male) |
| 9:07 | Create | Villager (Male) |
| 9:17 | Build | House |
| 9:23 | Research | Feudal Age |
| 9:26 | Research | Loom |
| 11:42 | Age | Feudal Age |
| 11:45 | Build | Stable |
| 11:51 | Research | Double-Bit Axe |
| 11:53 | Create | Villager (Male) |
| 12:20 | Create | Villager (Male) |
| 12:26 | Create | Scout Cavalry |
| 12:35 | Build | House |
| 12:39 | Build | House |
| 12:42 | Create | Villager (Male) |
| 12:44 | Create | Scout Cavalry |
| 12:57 | Build | Mill |
| 13:09 | Create | Scout Cavalry |
| 13:13 | Create | Villager (Male) |
| 13:40 | Create | Scout Cavalry |
| 13:50 | Build | House |
| 14:02 | Create | Villager (Male) |
| 14:03 | Create | Villager (Male) |
| 14:12 | Create | Villager (Male) |
| 14:40 | Create | Scout Cavalry |
| 14:42 | Create | Villager (Male) |
| 14:43 | Create | Villager (Male) |
| 15:04 | Create | Villager (Male) |
| 15:13 | Create | Scout Cavalry |
| 15:13 | Create | Villager (Male) |
| 15:21 | Build | Farm |
| 15:22 | Build | Farm |
| 15:23 | Build | Farm |
| 15:23 | Build | Farm |
| 15:29 | Create | Scout Cavalry |
| 15:33 | Build | Farm |
| 15:46 | Build | House |
| 15:49 | Build | Palisade Wall |
| 15:57 | Create | Villager (Male) |
| 15:58 | Create | Scout Cavalry |
| 16:09 | Create | Scout Cavalry |
| 16:14 | Build | Palisade Wall |
| 16:40 | Create | Villager (Male) |
| 16:47 | Create | Scout Cavalry |
| 16:47 | Create | Villager (Male) |
| 16:50 | Build | Farm |
| 16:51 | Build | Farm |
| 16:52 | Build | Farm |
| 17:00 | Build | Archery Range |
| 17:03 | Create | Villager (Male) |
| 17:18 | Create | Villager (Male) |
| 17:20 | Build | House |
| 17:30 | Build | Mining Camp |
| 17:39 | Create | Scout Cavalry |
| 17:41 | Build | Farm |
| 17:56 | Create | Scout Cavalry |
| 18:01 | Create | Archer |
| 18:02 | Create | Archer |
| 18:03 | Create | Villager (Male) |
| 18:15 | Create | Scout Cavalry |
| 18:23 | Create | Villager (Male) |
| 18:42 | Create | Villager (Male) |
| 18:51 | Create | Archer |
| 18:52 | Create | Archer |
| 18:52 | Create | Villager (Male) |
| 18:53 | Create | Villager (Male) |
| 18:55 | Build | House |
| 19:11 | Create | Scout Cavalry |
| 19:12 | Create | Archer |
| 19:30 | Create | Archer |
| 19:30 | Create | Villager (Male) |
| 19:45 | Create | Scout Cavalry |
| 20:02 | Create | Archer |
| 20:13 | Create | Villager (Male) |
| 20:17 | Build | Market |
| 20:18 | Create | Villager (Male) |
| 20:22 | Create | Archer |
| 20:38 | Create | Archer |
| 20:50 | Create | Villager (Male) |
| 20:56 | Create | Villager (Male) |
| 21:02 | Build | Farm |
| 21:03 | Build | Farm |
| 21:04 | Build | Farm |
| 21:09 | Build | Farm |
| 21:10 | Create | Villager (Male) |
| 21:13 | Build | Farm |
| 21:15 | Build | Farm |
| 21:16 | Build | Farm |
| 21:53 | Build | Farm |
| 21:57 | Create | Archer |
| 22:39 | Create | Villager (Male) |
| 22:43 | Create | Scout Cavalry |
| 23:14 | Create | Villager (Male) |
| 23:29 | Research | Castle Age |
| 23:52 | Create | Villager (Male) |
| 23:59 | Build | Blacksmith |
| 24:10 | Research | Bloodlines |
| 24:13 | Create | Villager (Male) |
| 24:43 | Build | Lumber Camp |
| 24:56 | Create | Scout Cavalry |
| 24:57 | Create | Archer |
| 24:58 | Create | Archer |
| 25:00 | Research | Fletching |
| 25:38 | Build | House |
| 25:56 | Create | Villager (Male) |
| 25:59 | Create | Archer |
| 26:16 | Create | Villager (Male) |
| 26:18 | Age | Castle Age |
| 26:28 | Build | Siege Workshop |
| 26:40 | Create | Villager (Male) |
| 26:43 | Create | Knight |
| 26:43 | Create | Knight |
| 26:44 | Create | Knight |
| 26:50 | Research | Bodkin Arrow |
| 27:25 | Research | Scale Barding Armor |
| 27:38 | Create | Knight |
| 27:41 | Create | Mangonel |
| 27:43 | Build | Farm |
| 27:48 | Create | Villager (Male) |
| 27:53 | Research | Bow Saw |
| 28:02 | Build | Town Center |
| 28:05 | Create | Villager (Male) |
| 28:12 | Create | Knight |
| 28:30 | Create | Villager (Male) |
| 28:47 | Create | Archer |
| 29:02 | Create | Knight |
| 29:02 | Create | Villager (Male) |
| 29:10 | Create | Villager (Male) |
Build order — Lucas Ducas
136 actions detected in the replay
| 0:23 | Build | Town Center |
| 1:53 | Build | House |
| 2:40 | Create | Villager (Male) ×4 |
| 3:44 | Build | House |
| 3:52 | Create | Villager (Male) |
| 4:16 | Create | Villager (Male) |
| 4:56 | Build | House |
| 5:08 | Create | Villager (Male) |
| 5:24 | Create | Villager (Male) |
| 5:42 | Create | Villager (Male) |
| 5:52 | Create | Villager (Male) |
| 6:08 | Build | Lumber Camp |
| 6:26 | Create | Villager (Male) |
| 6:27 | Create | Villager (Male) |
| 6:54 | Create | Villager (Male) |
| 7:13 | Create | Villager (Male) |
| 7:23 | Research | Loom |
| 7:27 | Build | House |
| 7:42 | Create | Villager (Male) |
| 7:58 | Build | House |
| 8:14 | Create | Villager (Male) |
| 8:26 | Build | House |
| 8:37 | Create | Villager (Male) |
| 9:05 | Create | Villager (Male) |
| 9:09 | Build | House |
| 9:23 | Create | Villager (Male) |
| 9:52 | Build | Mill |
| 9:57 | Create | Villager (Male) |
| 10:07 | Build | House |
| 10:30 | Build | House |
| 10:32 | Build | Barracks |
| 10:40 | Create | Villager (Male) |
| 10:49 | Create | Villager (Male) |
| 10:53 | Create | Villager (Male) |
| 11:05 | Create | Villager (Male) |
| 11:26 | Create | Villager (Male) |
| 11:38 | Create | Villager (Male) |
| 11:41 | Build | Palisade Wall |
| 11:43 | Research | Feudal Age |
| 12:30 | Build | Palisade Wall |
| 12:30 | Create | Villager (Male) |
| 12:41 | Build | Palisade Wall |
| 12:42 | Create | Villager (Male) |
| 12:52 | Create | Villager (Male) |
| 12:56 | Create | Villager (Male) |
| 13:06 | Create | Villager (Male) |
| 13:10 | Create | Villager (Male) |
| 13:16 | Build | Palisade Wall |
| 13:16 | Create | Villager (Male) |
| 13:34 | Create | Villager (Male) |
| 13:41 | Build | Palisade Wall |
| 13:41 | Create | Villager (Male) |
| 13:44 | Build | Palisade Wall |
| 13:44 | Create | Villager (Male) |
| 13:51 | Build | House |
| 13:51 | Create | Villager (Male) |
| 13:54 | Build | House |
| 13:57 | Build | Palisade Wall |
| 13:58 | Create | Villager (Male) |
| 14:03 | Create | Villager (Male) |
| 14:05 | Age | Feudal Age |
| 14:10 | Build | Archery Range |
| 14:10 | Create | Villager (Male) |
| 14:14 | Build | House |
| 14:15 | Research | Double-Bit Axe |
| 14:15 | Research | Double-Bit Axe |
| 14:26 | Create | Villager (Male) |
| 14:29 | Build | Palisade Wall |
| 14:36 | Build | Palisade Wall |
| 14:37 | Build | Palisade Wall |
| 14:38 | Create | Villager (Male) |
| 14:39 | Build | Palisade Wall |
| 14:40 | Build | Palisade Wall |
| 14:51 | Build | Lumber Camp |
| 14:54 | Build | Lumber Camp |
| 15:07 | Create | Villager (Male) |
| 15:09 | Build | House |
| 15:24 | Create | Archer |
| 16:56 | Build | Lumber Camp |
| 17:27 | Build | Mining Camp |
| 17:37 | Build | Stone Wall |
| 17:40 | Build | Stone Wall |
| 17:41 | Build | Stone Wall |
| 17:42 | Build | Stone Wall |
| 17:44 | Build | Stone Wall |
| 17:59 | Build | Mining Camp |
| 18:45 | Build | Watch Tower |
| 19:11 | Build | Stone Wall |
| 19:14 | Build | Stone Wall |
| 19:15 | Build | Stone Wall |
| 19:18 | Build | Stone Wall |
| 20:22 | Build | Market |
| 20:49 | Research | Town Watch |
| 21:52 | Build | Mill |
| 22:22 | Build | Palisade Wall |
| 22:51 | Build | Blacksmith |
| 23:21 | Research | Castle Age |
| 24:05 | Build | Palisade Wall |
| 24:24 | Build | House |
| 24:50 | Build | Stone Wall |
| 25:37 | Build | Market |
| 25:38 | Create | Villager (Male) |
| 26:01 | Age | Castle Age |
| 26:05 | Build | Town Center |
| 26:28 | Create | Villager (Male) |
| 26:54 | Create | Villager (Male) |
| 27:05 | Build | Siege Workshop |
| 27:13 | Build | Stone Wall |
| 27:44 | Build | Siege Workshop |
| 28:18 | Create | Mangonel |
| 31:28 | Create | Villager (Male) |
| 32:46 | Build | Castle |
| 33:31 | Build | Palisade Wall |
| 37:05 | Build | Town Center |
| 39:33 | Create | Villager (Male) |
| 39:55 | Create | Villager (Male) |
| 40:26 | Create | Villager (Male) |
| 40:44 | Build | Farm |
| 40:46 | Build | Farm |
| 40:52 | Create | Villager (Male) |
| 41:19 | Build | Siege Workshop |
| 41:24 | Build | Stone Wall |
| 41:37 | Create | Villager (Male) |
| 41:44 | Create | Villager (Male) |
| 42:08 | Create | Mangonel |
| 42:26 | Create | Villager (Male) |
| 42:38 | Create | Villager (Male) |
| 43:20 | Build | Blacksmith |
| 43:22 | Create | Villager (Male) |
| 43:35 | Create | Villager (Male) |
| 43:47 | Build | Market |
| 44:06 | Create | Villager (Male) |
| 44:39 | Create | Villager (Male) |
| 44:46 | Create | Unit 1959 |
| 45:06 | Research | Fletching |
| 45:51 | Create | Villager (Male) |
Build order — GGman
103 actions detected in the replay
| 0:22 | Build | Town Center |
| 0:42 | Build | House |
| 3:02 | Create | Villager (Male) |
| 3:03 | Create | Villager (Male) |
| 3:03 | Create | Villager (Male) |
| 3:03 | Create | Villager (Male) |
| 3:03 | Create | Villager (Male) |
| 3:03 | Create | Villager (Male) |
| 4:01 | Build | House |
| 5:10 | Research | Loom |
| 5:10 | Research | Loom |
| 5:15 | Create | Villager (Male) |
| 5:15 | Create | Villager (Male) |
| 5:37 | Create | Villager (Male) |
| 5:37 | Create | Villager (Male) |
| 5:50 | Build | Lumber Camp |
| 6:30 | Create | Villager (Male) |
| 6:31 | Create | Villager (Male) |
| 6:32 | Create | Villager (Male) |
| 6:32 | Create | Villager (Male) |
| 6:37 | Create | Villager (Male) |
| 6:37 | Create | Villager (Male) |
| 6:42 | Build | House |
| 7:24 | Create | Villager (Male) |
| 7:24 | Create | Villager (Male) |
| 7:29 | Build | House |
| 7:44 | Build | House |
| 8:14 | Build | House |
| 8:30 | Build | House |
| 8:36 | Create | Villager (Male) |
| 8:36 | Create | Villager (Male) |
| 8:36 | Create | Villager (Male) |
| 8:59 | Create | Villager (Male) |
| 9:00 | Create | Villager (Male) |
| 9:12 | Create | Villager (Male) |
| 9:12 | Create | Villager (Male) |
| 9:23 | Build | House |
| 9:27 | Create | Villager (Male) |
| 9:27 | Create | Villager (Male) |
| 9:49 | Create | Villager (Male) |
| 9:49 | Create | Villager (Male) |
| 10:02 | Create | Villager (Male) |
| 10:37 | Build | House |
| 10:59 | Build | House |
| 11:34 | Create | Villager (Male) |
| 11:38 | Create | Villager (Male) |
| 11:56 | Build | Palisade Wall |
| 11:58 | Build | Palisade Wall |
| 11:58 | Build | Palisade Wall |
| 12:03 | Build | Palisade Wall |
| 12:04 | Build | Palisade Wall |
| 12:32 | Create | Villager (Male) |
| 12:48 | Build | Mining Camp |
| 12:52 | Build | House |
| 12:59 | Build | House |
| 13:03 | Build | House |
| 13:05 | Build | House |
| 13:09 | Build | Palisade Wall |
| 13:15 | Create | Villager (Male) |
| 13:33 | Research | Feudal Age |
| 14:19 | Build | Palisade Wall |
| 14:23 | Build | Palisade Wall |
| 14:29 | Build | Palisade Wall |
| 14:55 | Build | Palisade Wall |
| 15:00 | Build | Palisade Wall |
| 15:02 | Build | House |
| 15:05 | Build | Palisade Wall |
| 15:54 | Age | Feudal Age |
| 16:07 | Build | Blacksmith |
| 16:35 | Build | Mill |
| 16:39 | Build | House |
| 16:41 | Create | Villager (Male) |
| 16:41 | Create | Villager (Male) |
| 16:45 | Build | House |
| 16:46 | Create | Villager (Male) |
| 16:53 | Create | Villager (Male) |
| 17:54 | Create | Villager (Male) |
| 18:29 | Build | Market |
| 18:34 | Build | Palisade Wall |
| 19:28 | Build | Watch Tower |
| 20:30 | Create | Villager (Male) |
| 20:30 | Create | Villager (Male) |
| 21:07 | Create | Villager (Male) |
| 23:01 | Create | Villager (Male) |
| 24:04 | Create | Villager (Male) |
| 24:15 | Create | Villager (Male) |
| 24:54 | Create | Villager (Male) |
| 24:54 | Create | Villager (Male) |
| 25:07 | Create | Villager (Male) |
| 27:22 | Create | Villager (Male) |
| 27:23 | Create | Villager (Male) |
| 27:31 | Create | Villager (Male) |
| 28:08 | Create | Villager (Male) |
| 28:08 | Create | Villager (Male) |
| 28:20 | Create | Villager (Male) |
| 29:01 | Build | Market |
| 29:47 | Create | Villager (Male) |
| 29:48 | Create | Villager (Male) |
| 30:51 | Build | Lumber Camp |
| 33:06 | Build | House |
| 36:27 | Build | Town Center |
| 36:36 | Build | House |
| 36:38 | Build | Palisade Wall |
Build order — [TSU] CoolKidWalls
First 150 of 431 actions detected
| 0:42 | Build | Town Center |
| 2:29 | Build | House |
| 2:32 | Build | House |
| 2:42 | Create | Villager (Male) |
| 2:43 | Create | Villager (Male) |
| 2:43 | Create | Villager (Male) |
| 2:43 | Create | Villager (Male) |
| 2:43 | Create | Villager (Male) |
| 3:41 | Create | Villager (Male) |
| 4:21 | Create | Villager (Male) |
| 4:38 | Create | Villager (Male) |
| 4:59 | Build | Lumber Camp |
| 5:02 | Create | Villager (Male) |
| 5:17 | Create | Villager (Male) |
| 5:53 | Create | Villager (Male) |
| 5:55 | Create | Villager (Male) |
| 5:55 | Create | Villager (Male) |
| 6:24 | Create | Villager (Male) |
| 6:32 | Build | House |
| 6:33 | Create | Villager (Male) |
| 6:45 | Create | Villager (Male) |
| 7:04 | Create | Villager (Male) |
| 7:10 | Build | Mill |
| 7:17 | Create | Villager (Male) |
| 7:39 | Create | Villager (Male) |
| 8:12 | Research | Loom |
| 8:43 | Build | Mill |
| 8:54 | Create | Villager (Male) |
| 9:19 | Research | Feudal Age |
| 9:57 | Build | House |
| 10:11 | Create | Villager (Male) |
| 10:55 | Build | Barracks |
| 10:57 | Create | Villager (Male) |
| 11:33 | Age | Feudal Age |
| 11:59 | Build | Archery Range |
| 12:01 | Build | Stable |
| 12:03 | Create | Villager (Male) |
| 12:25 | Create | Villager (Male) |
| 12:30 | Build | House |
| 12:44 | Create | Scout Cavalry |
| 12:48 | Create | Villager (Male) |
| 12:52 | Create | Scout Cavalry |
| 12:55 | Build | House |
| 13:12 | Build | House |
| 13:15 | Build | House |
| 13:17 | Build | Palisade Wall |
| 13:21 | Build | Palisade Gate |
| 13:24 | Build | Palisade Wall |
| 13:25 | Create | Villager (Male) |
| 13:28 | Research | Double-Bit Axe |
| 13:30 | Create | Scout Cavalry |
| 13:31 | Create | Villager (Male) |
| 14:04 | Create | Scout Cavalry |
| 14:18 | Create | Villager (Male) |
| 14:22 | Build | Mill |
| 14:50 | Create | Scout Cavalry |
| 14:59 | Build | Watch Tower |
| 15:01 | Create | Villager (Male) |
| 15:03 | Research | Horse Collar |
| 15:09 | Create | Villager (Male) |
| 15:30 | Create | Villager (Male) |
| 15:49 | Build | Mining Camp |
| 15:54 | Build | Mining Camp |
| 15:57 | Create | Villager (Male) |
| 16:20 | Create | Villager (Male) |
| 16:26 | Build | House |
| 16:54 | Create | Villager (Male) |
| 17:17 | Create | Villager (Male) |
| 17:27 | Build | Watch Tower |
| 17:29 | Create | Villager (Male) |
| 17:31 | Build | Farm |
| 17:33 | Build | Farm |
| 17:35 | Build | Farm |
| 17:38 | Build | Farm |
| 17:41 | Build | Farm |
| 17:42 | Create | Villager (Male) |
| 17:46 | Build | Stone Wall |
| 17:47 | Build | Stone Wall |
| 18:21 | Create | Villager (Male) |
| 18:23 | Build | Farm |
| 18:38 | Build | Farm |
| 18:39 | Create | Villager (Male) |
| 18:41 | Build | House |
| 19:04 | Build | Watch Tower |
| 19:06 | Create | Villager (Male) |
| 19:15 | Build | Farm |
| 19:18 | Build | Farm |
| 19:56 | Create | Villager (Male) |
| 20:12 | Build | Market |
| 20:14 | Build | Stone Wall |
| 20:27 | Create | Villager (Male) |
| 20:58 | Research | Castle Age |
| 20:58 | Research | Castle Age |
| 21:44 | Build | Lumber Camp |
| 22:08 | Build | Blacksmith |
| 22:15 | Build | House |
| 22:21 | Build | Stone Wall |
| 22:55 | Research | Fletching |
| 23:38 | Age | Castle Age |
| 23:41 | Build | Lumber Camp |
| 23:44 | Build | Lumber Camp |
| 23:48 | Build | Town Center |
| 23:50 | Create | Villager (Male) |
| 23:52 | Build | Town Center |
| 23:55 | Research | Heavy Plow |
| 23:57 | Research | Bow Saw |
| 23:59 | Create | Villager (Male) |
| 24:05 | Create | Villager (Male) |
| 24:15 | Build | Gate |
| 24:17 | Build | Stone Wall |
| 24:24 | Create | Villager (Male) |
| 24:45 | Build | Siege Workshop |
| 24:58 | Create | Villager (Male) |
| 25:12 | Create | Battle Elephant |
| 25:14 | Create | Villager (Male) |
| 25:20 | Create | Villager (Male) |
| 25:22 | Create | Scorpion |
| 25:23 | Create | Villager (Male) |
| 25:32 | Build | Farm |
| 25:32 | Build | Farm |
| 25:33 | Build | Farm |
| 25:33 | Build | Farm |
| 25:33 | Build | Farm |
| 25:35 | Create | Villager (Male) |
| 25:39 | Build | Farm |
| 25:52 | Create | Villager (Male) |
| 25:55 | Create | Armored Elephant |
| 25:57 | Create | Villager (Male) |
| 26:12 | Create | Scorpion |
| 26:12 | Create | Villager (Male) |
| 26:16 | Build | Farm |
| 26:17 | Create | Villager (Male) |
| 26:21 | Build | Farm |
| 26:21 | Build | Farm |
| 26:21 | Build | Farm |
| 26:22 | Build | Farm |
| 26:24 | Build | Farm |
| 26:29 | Create | Villager (Male) |
| 26:38 | Create | Scorpion |
| 26:48 | Create | Scorpion |
| 26:57 | Create | Villager (Male) |
| 27:01 | Create | Scorpion |
| 27:02 | Create | Villager (Male) |
| 27:05 | Create | Villager (Male) |
| 27:11 | Create | Villager (Male) |
| 27:12 | Create | Villager (Male) |
| 27:17 | Create | Villager (Male) |
| 27:22 | Build | Mining Camp |
| 27:23 | Create | Villager (Male) |
| 27:32 | Create | Villager (Male) |
Build order — [TSU] MrFluffyBunny
First 150 of 299 actions detected
| 0:03 | Build | Town Center |
| 0:10 | Build | House |
| 0:10 | Build | House |
| 2:10 | Create | Villager (Male) ×4 |
| 2:11 | Create | Villager (Male) ×4 |
| 3:17 | Create | Villager (Male) |
| 3:17 | Create | Villager (Male) |
| 3:36 | Create | Villager (Male) |
| 4:01 | Create | Villager (Male) |
| 4:01 | Create | Villager (Male) |
| 4:18 | Build | Lumber Camp |
| 4:26 | Create | Villager (Male) |
| 5:03 | Create | Villager (Male) |
| 5:57 | Create | Villager (Male) |
| 5:58 | Create | Villager (Male) |
| 5:58 | Create | Villager (Male) |
| 6:20 | Build | House |
| 6:26 | Build | House |
| 6:36 | Create | Villager (Male) |
| 6:47 | Create | Villager (Male) |
| 7:23 | Create | Villager (Male) |
| 7:35 | Create | Villager (Male) |
| 7:54 | Create | Villager (Male) |
| 8:00 | Build | Barracks |
| 8:25 | Create | Villager (Male) |
| 9:10 | Research | Loom |
| 9:15 | Research | Feudal Age |
| 9:30 | Research | Loom |
| 11:27 | Age | Feudal Age |
| 11:29 | Build | Stable |
| 11:37 | Research | Double-Bit Axe |
| 11:48 | Build | Pasture |
| 11:53 | Create | Villager (Male) |
| 12:00 | Create | Scout Cavalry ×3 |
| 12:08 | Build | Mill |
| 12:22 | Create | Villager (Male) |
| 12:37 | Create | Villager (Male) |
| 12:50 | Build | House |
| 12:57 | Build | Blacksmith |
| 13:06 | Create | Villager (Male) |
| 13:18 | Build | House |
| 13:22 | Build | House |
| 13:53 | Research | Forging |
| 13:53 | Research | Forging |
| 13:59 | Create | Villager (Male) |
| 14:18 | Build | House |
| 14:20 | Build | Pasture |
| 14:32 | Create | Scout Cavalry |
| 14:35 | Create | Villager (Male) |
| 14:50 | Build | House |
| 14:55 | Build | House |
| 15:08 | Create | Scout Cavalry |
| 15:14 | Create | Villager (Male) |
| 15:24 | Build | Pasture |
| 15:28 | Build | Pasture |
| 15:33 | Create | Villager (Male) |
| 15:35 | Research | Tech 1014 |
| 15:35 | Research | Tech 1014 |
| 15:48 | Create | Scout Cavalry |
| 15:54 | Build | Mill |
| 15:59 | Create | Villager (Male) |
| 16:03 | Build | House |
| 16:05 | Build | House |
| 16:06 | Create | Villager (Male) |
| 16:33 | Create | Scout Cavalry |
| 16:36 | Create | Villager (Male) |
| 16:41 | Build | Pasture |
| 16:52 | Create | Scout Cavalry |
| 17:05 | Build | Pasture |
| 17:07 | Create | Villager (Male) |
| 17:18 | Create | Villager (Male) |
| 17:36 | Create | Villager (Male) |
| 18:00 | Build | Pasture |
| 18:20 | Create | Villager (Male) |
| 18:25 | Research | Scale Barding Armor |
| 18:30 | Create | Villager (Male) |
| 18:40 | Build | Pasture |
| 18:41 | Build | Pasture |
| 18:41 | Build | Pasture |
| 18:42 | Build | Pasture |
| 18:59 | Create | Scout Cavalry |
| 18:59 | Create | Scout Cavalry |
| 19:09 | Create | Villager (Male) |
| 19:11 | Create | Scout Cavalry |
| 19:11 | Create | Scout Cavalry |
| 19:21 | Create | Scout Cavalry |
| 19:22 | Create | Villager (Male) |
| 19:23 | Create | Villager (Male) |
| 19:27 | Build | Stable |
| 19:35 | Create | Villager (Male) |
| 20:04 | Create | Villager (Male) |
| 20:11 | Create | Scout Cavalry |
| 20:14 | Build | Pasture |
| 20:16 | Build | Stable |
| 20:22 | Create | Villager (Male) |
| 21:07 | Create | Villager (Male) |
| 21:11 | Build | Pasture |
| 21:28 | Create | Scout Cavalry |
| 21:28 | Create | Scout Cavalry |
| 21:48 | Create | Villager (Male) |
| 21:50 | Research | Wheelbarrow |
| 22:27 | Build | Stable |
| 22:38 | Create | Villager (Male) |
| 22:38 | Create | Villager (Male) |
| 22:40 | Build | Mining Camp |
| 22:51 | Create | Scout Cavalry |
| 22:51 | Create | Scout Cavalry |
| 23:29 | Build | Watch Tower |
| 23:31 | Build | House |
| 24:08 | Build | Stone Wall |
| 24:43 | Create | Scout Cavalry |
| 24:43 | Create | Scout Cavalry |
| 24:43 | Create | Scout Cavalry |
| 24:44 | Create | Scout Cavalry |
| 24:47 | Build | Market |
| 25:32 | Research | Castle Age |
| 25:32 | Research | Castle Age |
| 25:38 | Create | Scout Cavalry |
| 25:38 | Create | Scout Cavalry |
| 25:56 | Create | Scout Cavalry |
| 25:56 | Create | Scout Cavalry |
| 26:24 | Create | Villager (Male) |
| 28:02 | Create | Villager (Male) |
| 28:12 | Age | Castle Age |
| 28:25 | Build | Town Center |
| 28:28 | Research | Light Cavalry (upgrade) |
| 28:28 | Research | Husbandry |
| 28:31 | Research | Iron Casting |
| 28:32 | Research | Chain Barding Armor |
| 28:34 | Create | Scout Cavalry ×5 |
| 28:34 | Create | Scout Cavalry ×5 |
| 28:35 | Create | Scout Cavalry |
| 28:59 | Create | Camel Scout |
| 28:59 | Create | Camel Scout |
| 29:18 | Create | Villager (Male) |
| 29:18 | Create | Villager (Male) |
| 29:33 | Research | Town Watch |
| 29:47 | Create | Villager (Male) |
| 29:48 | Create | Villager (Male) |
| 30:03 | Build | Siege Workshop |
| 30:12 | Create | Camel Scout |
| 30:12 | Create | Camel Scout |
| 30:34 | Create | Scout Cavalry |
| 30:34 | Create | Scout Cavalry |
| 30:52 | Create | Scorpion |
| 30:53 | Create | Scorpion |
| 30:55 | Create | Villager (Male) |
| 30:55 | Create | Villager (Male) |
| 31:03 | Create | Villager (Male) |
| 31:09 | Create | Scorpion |
Build order — GGman的狗
First 150 of 356 actions detected
| 0:12 | Build | Town Center |
| 2:35 | Create | Villager (Male) |
| 2:36 | Create | Villager (Male) |
| 2:36 | Create | Villager (Male) |
| 2:36 | Create | Villager (Male) |
| 2:44 | Build | House |
| 2:47 | Build | House |
| 3:04 | Research | Loom |
| 3:10 | Build | House |
| 3:12 | Create | Villager (Male) |
| 3:13 | Create | Villager (Male) |
| 3:13 | Create | Villager (Male) |
| 3:28 | Create | Villager (Male) |
| 3:29 | Create | Villager (Male) |
| 3:59 | Build | House |
| 4:11 | Create | Villager (Male) |
| 4:18 | Build | House |
| 4:29 | Build | Palisade Wall |
| 4:34 | Build | House |
| 4:37 | Create | Villager (Male) |
| 5:03 | Create | Villager (Male) |
| 5:03 | Create | Villager (Male) |
| 5:18 | Build | Lumber Camp |
| 5:22 | Build | Lumber Camp |
| 6:17 | Create | Villager (Male) |
| 6:17 | Create | Villager (Male) |
| 6:17 | Create | Villager (Male) |
| 6:23 | Create | Villager (Male) |
| 6:24 | Create | Villager (Male) |
| 6:38 | Build | House |
| 6:39 | Build | House |
| 6:50 | Build | House |
| 7:26 | Create | Villager (Male) |
| 7:26 | Create | Villager (Male) |
| 7:43 | Build | Mill |
| 7:49 | Create | Villager (Male) |
| 7:49 | Create | Villager (Male) |
| 7:49 | Create | Villager (Male) |
| 8:02 | Create | Villager (Male) |
| 8:02 | Create | Villager (Male) |
| 9:20 | Build | House |
| 9:54 | Build | Barracks |
| 9:57 | Create | Villager (Male) |
| 10:26 | Research | Feudal Age |
| 10:27 | Research | Feudal Age |
| 10:27 | Research | Feudal Age |
| 10:37 | Create | Militia |
| 10:37 | Create | Militia |
| 10:48 | Build | House |
| 10:49 | Build | House |
| 11:18 | Build | Mining Camp |
| 11:21 | Create | Militia |
| 11:34 | Create | Villager (Male) |
| 12:18 | Create | Militia |
| 12:41 | Age | Feudal Age |
| 12:44 | Build | Watch Tower |
| 12:48 | Research | Man-at-Arms (upgrade) |
| 12:49 | Research | Arson |
| 13:02 | Build | Mining Camp |
| 13:07 | Create | Villager (Male) |
| 13:09 | Research | Double-Bit Axe |
| 13:12 | Create | Villager (Male) |
| 13:34 | Create | Militia |
| 14:10 | Create | Villager (Male) |
| 14:16 | Create | Militia |
| 14:36 | Create | Villager (Male) |
| 14:54 | Build | Watch Tower |
| 14:57 | Create | Villager (Male) |
| 15:07 | Build | House |
| 15:09 | Build | House |
| 15:12 | Create | Villager (Male) |
| 15:42 | Create | Villager (Male) |
| 15:53 | Create | Villager (Male) |
| 16:11 | Create | Villager (Male) |
| 16:35 | Build | Archery Range |
| 16:38 | Research | Horse Collar |
| 17:06 | Create | Villager (Male) |
| 17:12 | Create | Skirmisher |
| 17:28 | Create | Villager (Male) |
| 17:34 | Build | Farm |
| 17:35 | Build | Farm |
| 17:36 | Build | Farm |
| 17:44 | Create | Militia |
| 18:17 | Create | Militia |
| 18:18 | Create | Villager (Male) |
| 18:21 | Build | Blacksmith |
| 18:24 | Build | Farm |
| 18:25 | Build | Farm |
| 18:25 | Build | Farm |
| 18:25 | Build | Farm |
| 18:25 | Build | Farm |
| 18:25 | Build | Farm |
| 18:26 | Build | Farm |
| 18:26 | Build | Farm |
| 18:27 | Create | Villager (Male) |
| 19:34 | Create | Villager (Male) |
| 19:46 | Create | Villager (Male) |
| 19:48 | Build | Farm |
| 19:49 | Create | Villager (Male) |
| 19:50 | Build | Farm |
| 19:58 | Build | Farm |
| 19:59 | Build | Farm |
| 20:00 | Build | Farm |
| 20:01 | Research | Wheelbarrow |
| 20:04 | Build | Farm |
| 20:07 | Build | Farm |
| 20:14 | Create | Villager (Male) |
| 20:31 | Create | Archer |
| 20:41 | Research | Fletching |
| 20:42 | Research | Fletching |
| 20:46 | Create | Archer |
| 21:10 | Build | Archery Range |
| 21:11 | Create | Villager (Male) |
| 21:16 | Create | Archer |
| 21:33 | Create | Villager (Male) |
| 21:46 | Build | Farm |
| 21:49 | Create | Archer |
| 21:58 | Build | House |
| 22:00 | Build | Farm |
| 22:03 | Create | Archer |
| 22:05 | Create | Villager (Male) |
| 22:06 | Create | Villager (Male) |
| 22:28 | Build | Market |
| 23:00 | Create | Villager (Male) |
| 23:24 | Research | Castle Age |
| 23:24 | Research | Castle Age |
| 23:27 | Create | Archer |
| 23:29 | Create | Villager (Male) |
| 23:35 | Build | House |
| 23:36 | Build | House |
| 24:27 | Create | Archer |
| 24:27 | Create | Archer |
| 24:28 | Create | Villager (Male) |
| 24:44 | Create | Archer |
| 24:45 | Create | Villager (Male) |
| 24:58 | Create | Archer |
| 24:58 | Create | Archer |
| 24:59 | Create | Villager (Male) |
| 25:22 | Create | Archer |
| 25:22 | Create | Archer |
| 25:22 | Create | Villager (Male) |
| 25:56 | Create | Archer |
| 25:57 | Create | Archer |
| 25:57 | Create | Villager (Male) |
| 26:05 | Age | Castle Age |
| 26:06 | Research | Bodkin Arrow |
| 26:06 | Research | Bodkin Arrow |
| 26:14 | Research | Thumb Ring |
| 26:25 | Research | Thumb Ring |
| 26:28 | Create | Cavalry Archer |
Match timeline
| 1:15 | [TSU] I-am-the-1AW · wall_segment Palisade Wall x1 |
| 4:29 | GGman的狗 · wall_segment Palisade Wall x1 |
| 7:33 | [TSU] I-am-the-1AW · wall_segment Palisade Wall x1 |
| 7:35 | [TSU] I-am-the-1AW · wall_segment Palisade Wall x1 |
| 7:38 | [TSU] I-am-the-1AW · wall_segment Palisade Wall x1 |
| 8:00 | [TSU] MrFluffyBunny · first_building Barracks |
| 9:54 | GGman的狗 · first_building Barracks |
| 10:21 | [TSU] I-am-the-1AW · first_building Barracks |
| 10:32 | Lucas Ducas · first_building Barracks |
| 10:55 | [TSU] CoolKidWalls · first_building Barracks |
| 11:27 | [TSU] MrFluffyBunny · age_up feudal |
| 11:29 | [TSU] MrFluffyBunny · first_building Stable |
| 11:33 | [TSU] CoolKidWalls · age_up feudal |
| 11:34 | [TSU] I-am-the-1AW · age_up feudal |
| 11:35 | [TSU] I-am-the-1AW · first_building Stable |
| 11:41 | Lucas Ducas · wall_segment Palisade Wall x1 |
| 11:42 | GGman74團 · age_up feudal |
| 11:43 | GGman的小牙籤 · first_building Barracks |
| 11:45 | GGman74團 · first_building Stable |
| 11:56 | GGman · wall_segment Palisade Wall x1 |
| 11:58 | GGman · wall_segment Palisade Wall x1 |
| 11:58 | GGman · wall_segment Palisade Wall x1 |
| 11:59 | [TSU] CoolKidWalls · first_building Archery Range |
| 12:01 | [TSU] CoolKidWalls · first_building Stable |
| 12:03 | GGman · wall_segment Palisade Wall x1 |
| 12:04 | GGman · wall_segment Palisade Wall x1 |
| 12:29 | GGman的小牙籤 · wall_segment Palisade Wall x2 |
| 12:30 | GGman的小牙籤 · wall_segment Palisade Wall x1 |
| 12:30 | Lucas Ducas · wall_segment Palisade Wall x1 |
| 12:33 | GGman的小牙籤 · wall_segment Palisade Wall x2 |
| 12:35 | GGman的小牙籤 · wall_segment Palisade Wall x1 |
| 12:35 | GGman的小牙籤 · wall_segment Palisade Wall x1 |
| 12:41 | GGman的狗 · age_up feudal |
| 12:41 | Lucas Ducas · wall_segment Palisade Wall x6 |
| 13:09 | GGman · wall_segment Palisade Wall x1 |
| 13:09 | GGman的小牙籤 · age_up feudal |
| 13:12 | GGman的小牙籤 · first_building Archery Range |
| 13:16 | Lucas Ducas · wall_segment Palisade Wall x1 |
| 13:17 | [TSU] CoolKidWalls · wall_segment Palisade Wall x3 |
| 13:24 | [TSU] CoolKidWalls · wall_segment Palisade Wall x5 |
| 13:41 | Lucas Ducas · wall_segment Palisade Wall x5 |
| 13:44 | Lucas Ducas · wall_segment Palisade Wall x5 |
| 13:57 | Lucas Ducas · wall_segment Palisade Wall x1 |
| 14:05 | Lucas Ducas · age_up feudal |
| 14:10 | Lucas Ducas · first_building Archery Range |
| 14:19 | GGman · wall_segment Palisade Wall x1 |
| 14:23 | GGman · wall_segment Palisade Wall x1 |
| 14:29 | Lucas Ducas · wall_segment Palisade Wall x1 |
| 14:29 | GGman · wall_segment Palisade Wall x1 |
| 14:36 | Lucas Ducas · wall_segment Palisade Wall x1 |
| 14:37 | Lucas Ducas · wall_segment Palisade Wall x1 |
| 14:39 | Lucas Ducas · wall_segment Palisade Wall x1 |
| 14:40 | Lucas Ducas · wall_segment Palisade Wall x1 |
| 14:46 | [TSU] I-am-the-1AW · wall_segment Palisade Wall x1 |
| 14:49 | [TSU] I-am-the-1AW · wall_segment Palisade Wall x1 |
| 14:50 | [TSU] I-am-the-1AW · wall_segment Palisade Wall x1 |
| 14:55 | GGman · wall_segment Palisade Wall x1 |
| 15:00 | GGman · wall_segment Palisade Wall x1 |
| 15:04 | GGman的小牙籤 · wall_segment Palisade Wall x1 |
| 15:05 | GGman · wall_segment Palisade Wall x1 |
| 15:49 | GGman74團 · wall_segment Palisade Wall x4 |
| 15:54 | GGman · age_up feudal |
| 16:14 | GGman74團 · wall_segment Palisade Wall x1 |
| 16:35 | GGman的狗 · first_building Archery Range |
| 16:47 | GGman的小牙籤 · age_up castle |
| 16:51 | GGman的小牙籤 · wall_segment Palisade Wall x1 |
| 16:54 | GGman的小牙籤 · wall_segment Palisade Wall x1 |
| 17:00 | GGman74團 · first_building Archery Range |
| 17:37 | Lucas Ducas · wall_segment Stone Wall x1 |
| 17:40 | Lucas Ducas · wall_segment Stone Wall x1 |
| 17:41 | Lucas Ducas · wall_segment Stone Wall x1 |
| 17:42 | Lucas Ducas · wall_segment Stone Wall x1 |
| 17:44 | Lucas Ducas · wall_segment Stone Wall x1 |
| 17:46 | [TSU] CoolKidWalls · wall_segment Stone Wall x7 |
| 17:47 | [TSU] CoolKidWalls · wall_segment Stone Wall x5 |
| 18:34 | GGman · wall_segment Palisade Wall x1 |
| 19:11 | Lucas Ducas · wall_segment Stone Wall x1 |
| 19:14 | Lucas Ducas · wall_segment Stone Wall x1 |
| 19:15 | Lucas Ducas · wall_segment Stone Wall x1 |
| 19:18 | Lucas Ducas · wall_segment Stone Wall x1 |
| 20:14 | [TSU] CoolKidWalls · wall_segment Stone Wall x1 |
| 21:18 | Lucas Ducas · first_market_sell 100 stone |
| 22:03 | GGman的小牙籤 · wall_segment Palisade Wall x1 |
| 22:18 | GGman74團 · first_market_buy 100 food |
| 22:21 | [TSU] CoolKidWalls · wall_segment Stone Wall x14 |
| 22:22 | Lucas Ducas · wall_segment Palisade Wall x1 |
| 22:49 | Lucas Ducas · first_market_buy 100 wood |
| 23:17 | GGman的狗 · first_market_sell 500 stone |
| 23:19 | GGman的狗 · first_market_buy 100 food |
| 23:38 | [TSU] CoolKidWalls · age_up castle |
| 24:05 | Lucas Ducas · wall_segment Palisade Wall x1 |
| 24:08 | [TSU] MrFluffyBunny · wall_segment Stone Wall x1 |
| 24:15 | [TSU] I-am-the-1AW · first_market_sell 100 stone |
| 24:17 | [TSU] CoolKidWalls · wall_segment Stone Wall x6 |
| 24:45 | [TSU] CoolKidWalls · first_building Siege Workshop |
| 24:50 | Lucas Ducas · wall_segment Stone Wall x1 |
| 25:30 | [TSU] MrFluffyBunny · first_market_sell 100 food |
| 26:01 | Lucas Ducas · age_up castle |
| 26:05 | GGman的狗 · age_up castle |
| 26:18 | GGman74團 · age_up castle |
| 26:20 | GGman的小牙籤 · first_building Stable |
| 26:28 | GGman74團 · first_building Siege Workshop |
| 26:34 | GGman的狗 · first_building Siege Workshop |
| 27:05 | Lucas Ducas · first_building Siege Workshop |
| 27:13 | Lucas Ducas · wall_segment Stone Wall x1 |
| 27:17 | [TSU] MrFluffyBunny · first_market_buy 100 stone |
| 28:12 | [TSU] MrFluffyBunny · age_up castle |
| 28:24 | [TSU] CoolKidWalls · wall_segment Stone Wall x7 |
| 28:44 | [TSU] CoolKidWalls · first_market_buy 100 wood |
| 29:20 | [TSU] I-am-the-1AW · age_up castle |
| 29:49 | GGman的小牙籤 · wall_segment Stone Wall x1 |
| 30:03 | [TSU] MrFluffyBunny · first_building Siege Workshop |
| 31:39 | GGman的狗 · first_building Castle |
| 32:33 | GGman的小牙籤 · wall_segment Stone Wall x2 |
| 32:46 | Lucas Ducas · first_building Castle |
| 33:31 | Lucas Ducas · wall_segment Palisade Wall x1 |
| 35:09 | GGman · first_market_sell 100 food |
| 35:10 | GGman · first_market_buy 100 stone |
| 35:12 | [TSU] I-am-the-1AW · first_building Monastery |
| 35:18 | GGman的狗 · first_building Stable |
| 35:26 | [TSU] I-am-the-1AW · first_market_buy 100 wood |
| 35:41 | GGman的小牙籤 · first_building Monastery |
| 36:28 | [TSU] I-am-the-1AW · first_building Castle |
| 36:35 | GGman的小牙籤 · first_building Castle |
| 36:38 | GGman · wall_segment Palisade Wall x1 |
| 37:06 | [TSU] I-am-the-1AW · first_building Siege Workshop |
| 37:57 | GGman · tribute_sent a jugador 1 |
| 37:57 | GGman · tribute_sent a jugador 2 |
| 37:57 | GGman · tribute_sent a jugador 3 |
| 37:57 | GGman · tribute_sent a jugador 5 |
| 37:57 | GGman · tribute_sent a jugador 6 |
| 37:57 | GGman · tribute_sent a jugador 7 |
| 37:57 | GGman · tribute_sent a jugador 8 |
| 38:19 | GGman · tribute_sent a jugador 1 |
| 38:19 | GGman · tribute_sent a jugador 2 |
| 38:19 | GGman · tribute_sent a jugador 3 |
| 38:19 | GGman · tribute_sent a jugador 5 |
| 38:19 | GGman · tribute_sent a jugador 6 |
| 38:19 | GGman · tribute_sent a jugador 7 |
| 38:19 | GGman · tribute_sent a jugador 8 |
| 38:35 | [TSU] CoolKidWalls · wall_segment Stone Wall x9 |
| 38:37 | [TSU] CoolKidWalls · wall_segment Stone Wall x18 |
| 38:41 | GGman74團 · first_building Castle |
| 39:08 | [TSU] CoolKidWalls · first_building Castle |
| 39:44 | GGman的小牙籤 · age_up imperial |
| 39:48 | GGman的狗 · first_building Monastery |
| 39:54 | [TSU] CoolKidWalls · first_market_sell 100 wood |
| 41:24 | Lucas Ducas · wall_segment Stone Wall x1 |
| 41:55 | GGman的狗 · age_up imperial |
| 42:27 | [TSU] CoolKidWalls · age_up imperial |
| 44:52 | [TSU] CoolKidWalls · resign |
[ AI ANALYSIS · 1 CREDIT ]
What really happened in this match?
Wolo.gg analyzes every decision: build order, eco, micro, common mistakes by bracket. Personalized analysis on WhatsApp or Discord in 30 seconds.
Civ guide
Magyars
Perfil
GGman的小牙籤